AoeStats
← [RZ] HardZeeiRa-BR

Arabia

509476077Analyzed
3v3 RM · 6d ago on Sep 26, 2026· 33m 39s· 6 players
Game mode
Random Map
Map size
Normal (6 player)
Population
200
Speed
Normal
Resources
Standard
Victory
Conquest
Starting age
Dark Age
Ending age
Imperial Age
RankedLock teamsTeams togetherTeam positionsShared explorationLock speedFull tech treeHidden civsTurbo modeCheats
Victory
Defeat
🇧🇷 Ethiopians · Brazil
1339
+10
🇧🇷 Saracens · Brazil
1294
+11
🇧🇷 Varangians · Brazil
1175
+15
🇹🇷 Malians · Türkiye
1263
-15
🇹🇷 Gurjaras · Türkiye
1156
-11
🇹🇷 Britons · Türkiye
1130
-10
EtZeL
9:03 Feudal Age
8:41 Loom
9:30 Town Watch
19:25 Double-Bit Axe
20:37 Fletching
27:07 Padded Archer Armor
31:21 Castle Age
32:15 Bodkin Arrow
ilia topuria
7:34 Loom
9:46 Feudal Age
10:03 Man-at-Arms
10:53 Arson
15:05 Scale Mail Armor
24:06 Town Watch
28:12 Forging
29:17 Wheelbarrow
33:08 Castle Age
33:21 Long Swordsman
34:17 Chain Mail Armor
reconquista.ad
7:16 Loom
9:31 Feudal Age
19:02 Castle Age
18:34 Scale Barding Armor
18:55 Bloodlines
18:32 Double-Bit Axe
18:30 Horse Collar
22:12 Husbandry
27:59 Chain Barding Armor
28:16 Forging
[RZ] Joãozinho
6:59 Loom
9:34 Feudal Age
10:16 Double-Bit Axe
15:48 Fletching
17:10 Padded Archer Armor
24:30 Castle Age
22:19 Horse Collar
22:52 Gold Mining
24:32 Crossbowman
25:08 Bodkin Arrow
25:40 Bow Saw
27:03 Town Watch
32:49 Leather Archer Armor
34:53 Wheelbarrow
[RZ] HardZeeiRa-BR
5:48 Loom
9:20 Feudal Age
11:18 Double-Bit Axe
12:27 Bloodlines
17:41 Scale Barding Armor
19:30 Wheelbarrow
22:55 Castle Age
21:13 Gold Mining
21:07 Horse Collar
21:47 Forging
24:21 Iron Casting
24:56 Chain Barding Armor
27:19 Husbandry
[Rz] TK_puxa
6:53 Loom
9:17 Feudal Age
10:20 Double-Bit Axe
15:35 Fletching
17:51 Gold Mining
17:54 Horse Collar
18:56 Padded Archer Armor
25:36 Castle Age
23:59 Stone Mining
25:53 Crossbowman
26:38 Thumb Ring
26:59 Bow Saw
27:26 Gold Shaft Mining
31:37 Bodkin Arrow
32:40 Bimaristan
33:07 Leather Archer Armor
Connection lost

Rejoining the realm…

Still unreachable

The connection could not be restored.

Session expired

The server has moved on; the page needs a fresh start.